 Dungeon Crawl Stone Soup version 0.31-a0-1549-g5ff9445e89 (webtiles) character file.

Game seed: 8560178157230029660

487 dialectric the Covert (level 6, -3/33 HPs)
             Began as a Spriggan Delver on Jan 2, 2024.
             Slain by a troll (12 damage)
             ... on level 6 of the Dungeon.
             The game lasted 00:07:43 (3229 turns).

dialectric the Covert (Spriggan Delver)             Turns: 3229, Time: 00:07:44

Health: -3/33      AC:  2    Str: 13    XL:     6   Next: 89%
Magic:  9/9        EV: 21    Int: 15    God:
Gold:   118        SH:  0    Dex: 24    Spells: 5/8 levels left

rFire   . . .        a - +0 short sword
rCold   . . .        (no shield)
rNeg    . . .        b - +0 robe
rPois   .            (helmet restricted)
rElec   .            (no cloak)
rCorr   .            (gloves unavailable)
SInv    +            (boots unavailable)
Will    +....        (no amulet)
Stlth   +++++        h - +6 ring of strength
HPRegen 0.25/turn    r - +6 ring of dexterity
MPRegen 0.11/turn

%: no passive effects
@: very quick
A: very small, no large weapons, unfitting armour, see invisible, speed 3,
clever 1, teleportitis 1
a: no special abilities


You were on level 6 of the Dungeon.
You visited 1 branch of the dungeon, and saw 6 of its levels.

You collected 218 gold pieces.
You spent 100 gold pieces at shops.

Inventory:

Hand Weapons
 a - a +0 short sword (weapon)
Missiles
 k - 2 throwing nets
Armour
 b - a +0 robe (worn)
Jewellery
 h - a +6 ring of strength (left hand)
 r - a +6 ring of dexterity (right hand)
 t - a ring of wizardry
Talismans
 p - a flux talisman
Wands
 g - a wand of digging (3)
 y - a wand of polymorph (4)
 z - a wand of acid (7)
Scrolls
 c - a scroll of fog
 d - a scroll of revelation
 j - 2 scrolls of identify
 l - 3 scrolls of vulnerability {unknown}
 n - a scroll of enchant weapon {unknown}
 o - 2 scrolls of teleportation {unknown}
 v - a scroll of amnesia {unknown}
Potions
 f - 2 potions of haste
 i - 2 potions of lignification
 m - 4 potions of curing
 q - a potion of heal wounds
 s - a potion of mutation
 u - a potion of invisibility {unknown}
 w - a potion of might {unknown}


   Skills:
 + Level 3.6 Fighting
 + Level 4.5 Short Blades
 + Level 5.4 Dodging
 - Level 9.0 Stealth
 + Level 1.6 Spellcasting


You had 5 spell levels left.
You knew the following spells:

 Your Spells              Type           Power      Damage    Failure   Level
a - Confusing Touch       Hex            1%         N/A       56%         3

Your spell library contained the following spells:

 Spells                   Type           Power      Damage    Failure   Level
 Slow                     Hex            4%         N/A       24%         1
 Blink                    Tloc           2%         N/A       34%         2
 Jinxbite                 Hex            2%         N/A       34%         2
 Lesser Beckoning         Tloc           2%         N/A       34%         2
 Momentum Strike          Conj/Tloc      2%         3d8       34%         2
 Sigil of Binding         Hex            1%         N/A       56%         3
 Vampiric Draining        Necr           1%         2d6       56%         3
 Yara's Violent Unravell  Hex/Alch       0%         3d3       100%        5
 Enfeeble                 Hex            0%         N/A       100%        7


Dungeon Overview and Level Annotations

Branches:
Dungeon (6/15)             Temple (0/1) D:4

Altars:
Ru

Shops:
D:2 :!   D:3 !

Portals:
Sewer: D:6

Annotations:
D:2 Terence


Innate Abilities, Weirdness & Mutations

You are very small and have problems with some larger weapons.
You are too small for most types of armour.
You have supernaturally acute eyesight. (SInv)
You cover ground extremely quickly. (Speed+++)
Your mind is acute. (Int +4, Str/Dex -1)
You are occasionally teleported next to monsters.


Message History

The orc is heavily wounded.
You hit the orc.
You kill the orc!
Things that are here:
a +0 club; an orc corpse
Aiming: Corrosive Bolt
Press: ? - help, Shift-Dir - straight line, f - you
Okay, then.
Unknown command.
You hear the rusting of a distant drain.
Aiming: Corrosive Bolt
Press: ? - help, Shift-Dir - straight line, f - you
Okay, then.
Throw: 4 darts (poison)
Press: ? - help, Q - select action, (/) - cycle Shift-Dir - straight line, f - jelly
Aim: a jelly (90% to hit)
You throw a poisoned dart. The poisoned dart hits the jelly.
Unknown command.
Throw: 3 darts (poison)
Press: ? - help, Q - select action, (/) - cycle Shift-Dir - straight line, f/p - jelly
Aim: a jelly (90% to hit)
You throw a poisoned dart. The poisoned dart hits the jelly.
Throw: 2 darts (poison)
Press: ? - help, Q - select action, (/) - cycle Shift-Dir - straight line, f/p - jelly
Aim: a jelly (90% to hit)
You throw a poisoned dart. The poisoned dart hits the jelly.
Throw: dart (poison)
Press: ? - help, Q - select action, (/) - cycle Shift-Dir - straight line, f/p - jelly
Aim: a jelly (90% to hit)
You throw a poisoned dart. The poisoned dart hits the jelly.
Unknown command.
The troll shouts!
There is a stone staircase leading up, spattered with blood here.
There is a stone staircase leading up here.
Things that are here:
a +0 dagger of speed; an orc corpse The troll bites you!
* * * LOW HITPOINT WARNING * * *
The troll claws you!
You die...

##.## ##.######
##†...>######
######.....# ##...##
#########..##
##.........## #.#
#.....T.<<..## #.#
#..##..)@).#..# #
#.##..###...#<##..#
.#
#....###..#######.##
..###...# #..##
##J## #..##...###.##
##.## ##.....y...##
##.## ##.........##
##.##
#...oo......#######
#..# #
#...#####....†....#
##.# ##


You could see a troll.

Vanquished Creatures
  A black bear (D:6)
  4 howler monkeys
  2 hounds
  An iguana (D:6)
  5 adders
  A gnoll (D:1)
  2 dart slugs (D:1)
  17 orcs
  5 endoplasms
  A giant cockroach (D:3)
  9 goblins
  9 hobgoblins
  8 jackals
  10 ball pythons
  7 bats
  3 frilled lizards
  5 kobolds
  4 rats
94 creatures vanquished.

Notes
Turn   | Place    | Note
-------+----------+-------------------------------------------
     0 | D:5      | dialectric the Spriggan Delver began the quest for the Orb.
     0 | D:5      | Reached XP level 1. HP: 11/11 MP: 2/2
    12 | D:5      | Noticed a hound
    16 | D:5      | Noticed a hound
    35 | D:4      | Noticed a howler monkey
    36 | D:4      | Killed a howler monkey
    37 | D:4      | Reached XP level 2. HP: 16/16 MP: 3/3
    37 | D:4      | Reached XP level 3. HP: 19/19 MP: 4/4
    60 | D:4      | Found a staircase to the Ecumenical Temple.
   143 | D:4      | Reached XP level 4. HP: 21/23 MP: 5/5
   181 | D:4      | Reached skill level 8 in Stealth
   558 | D:2      | Noticed Terence
   581 | D:2      | Reached XP level 5. HP: 23/28 MP: 6/6
   665 | D:3      | Found Mohaene's Distillery.
   674 | D:3      | Bought a potion of heal wounds for 50 gold pieces
   818 | D:1      | Found a faded altar of an unknown god.
  1337 | D:2      | Found Cas Luvi's Book Shoppe.
  1347 | D:2      | Found Edaost's Distillery.
  1355 | D:2      | Bought a potion of heal wounds for 50 gold pieces
  1670 | D:3      | Found a sacrificial altar of Ru.
  2321 | D:4      | Learned a level 3 spell: Confusing Touch
  2429 | D:4      | Reached XP level 6. HP: 27/32 MP: 7/7
  2516 | D:4      | Reached skill level 5 in Dodging
  2689 | D:5      | Noticed a yak
  2691 | D:5      | Noticed a yak
  2765 | D:6      | Reached skill level 9 in Stealth
  2920 | D:6      | Reached skill level 1 in Spellcasting
  3079 | D:6      | Gained mutation: You are occasionally teleported next to
                  | monsters. [potion of mutation]
  3079 | D:6      | Gained mutation: Your mind is acute. (Int +4, Str/Dex -1)
                  | [potion of mutation]
  3116 | D:6      | Found a glowing drain.
  3144 | D:6      | Noticed a hornet
  3144 | D:6      | Noticed a troll
  3164 | D:6      | Paralysed by a hornet for 2 turns
  3229 | D:6      | Slain by a troll

Illustrated notes

Levels and vault maps discovered:
D:1:      heliophobic_arrival_henge, layout_rooms,
          hellmonk_ecumenical_altar_run_dry, glass_columns_a,
          minmay_misc_feat_rows, supply_closet_lemuel
D:2:      layout_rooms, serial_shops, nicolae_shop_tiny_real_fake_doors, shop,
          serial_bayou_ford_a, kennysheep_generic_room_9, uniq_terence
D:3:      layout_basic, hangedman_ru_absence, serial_shops, shop,
          nicolae_kite_square_tiling_tiny
D:4:      layout_cave_pools, minmay_temple_entry_sparse_star, nicolae_titane
D:5:      layout_cave_pools
D:6:      layout_layer_cave, nicolae_overflow_squiral, gup_sewer_entry_glass,
          minmay_manual_mess, uniq_grinder, uniq_eustachio

Skill      XL: |  1  2  3  4  5  6 |
---------------+-------------------+-----
Dodging        | 3 4 5 |  5.4
Short Blades   | 3 4 |  4.5
Fighting       | 3 |  3.6
Stealth        | 8 9 |  9.0
Spellcasting   | 1 |  1.6

Action                     |  1- 3 |  4- 6 || total
---------------------------+-------+-------++-------
  Melee: Short sword       |     7 |   326 ||   333
  Throw: Dart              |       |    10 ||    10
  Evoke: Wand              |       |     3 ||     3
    Use: Scroll            |       |     4 ||     4
         Potion            |       |     4 ||     4
   Stab: Sleeping          |     5 |    17 ||    22
         Distracted        |       |     3 ||     3
 Armour: Robe              |     6 |    80 ||    86
  Dodge: Dodged            |    12 |   276 ||   288

Table legend: (Time is in decaauts)
 A = Elapsed time spent in this place.
 B = Non-inter-level travel time spent in this place.
 C = Inter-level travel time spent in this place.
 D = Time resting spent in this place.
 E = Time spent auto-exploring this place.
 F = Levels seen in this place.
 G = Mean time per level.
                   A        B        C        D        E       F      G
               +--------+--------+--------+--------+--------+-----+--------+
         Total |   2214 |   2131 |     83 |      0 |   1213 |   6 |  369.0 |
       Dungeon |   2214 |   2131 |     83 |      0 |   1213 |   6 |  369.0 |
               +--------+--------+--------+--------+--------+-----+--------+

Top non-repeatable levels by time:
     D:3: 579 daAuts
     D:2: 489 daAuts
     D:4: 368 daAuts
     D:6: 361 daAuts
     D:1: 325 daAuts
     D:5: 90 daAuts
